 Dungeon Crawl Stone Soup version 0.30.0-19-g36f170ea60 (webtiles) character file.

Game seed: 10683371720983447047

28 sampeng1 the Shooter (level 3, -1/26 HPs)
             Began as a Human Wanderer on May 27, 2023.
             Slain by a hobgoblin (3 damage)
             ... on level 2 of the Dungeon.
             The game lasted 00:04:16 (1296 turns).

sampeng1 the Shooter (Human Wanderer)               Turns: 1296, Time: 00:04:17

Health: -1/26      AC:  4    Str: 10    XL:     3   Next: 30%
Magic:  2/5        EV: 12    Int: 15    God:
Gold:   28         SH:  0    Dex: 13    Spells: 3/4 levels left

rFire   . . .        i - +0 dagger
rCold   . . .        (no shield)
rNeg    . . .        d - +0 robe
rPois   .            (no helmet)
rElec   .            (no cloak)
rCorr   .            (no gloves)
SInv    .            m - +1 pair of boots
Will    .....        (no amulet)
Stlth   +            (no ring)
HPRegen 0.24/turn    (no ring)
MPRegen 0.09/turn

%: no passive effects
@: no status effects
A: no striking features
a: no special abilities


You were on level 2 of the Dungeon.
You visited 1 branch of the dungeon, and saw 2 of its levels.

You collected 28 gold pieces.

Inventory:

Hand Weapons
 a - a +2 sling
 i - a +0 dagger (weapon)
Missiles
 j - 8 stones (quivered)
Armour
 d - a +0 robe (worn)
 m - a +1 pair of boots (worn)
Magical Staves
 h - a staff of earth
Scrolls
 c - a scroll of teleportation
 e - a scroll of summoning {unknown}
 f - 3 scrolls of poison
Potions
 k - a potion of heal wounds {unknown}
 l - a potion of haste {unknown}
Miscellaneous
 b - a piece from Xom's chessboard (15/15)


   Skills:
 + Level 1.4 Fighting
 + Level 5.1 Ranged Weapons
 + Level 1.4 Dodging
 + Level 1.3 Spellcasting
 + Level 1.4 Ice Magic
 + Level 1.3 Evocations


You had 3 spell levels left.
You knew the following spells:

 Your Spells              Type           Power      Damage    Failure   Level
a - Freeze                Ice            20%        1d4       13%         1

Your spell library contained the following spells:

 Spells                   Type           Power      Damage    Failure   Level
 Hailstorm                Conj/Ice       3%         3d3       47%         3


Dungeon Overview and Level Annotations

Branches:
Dungeon (2/15)

Altars:


Message History

The ball python constricts you.
You hit the ball python.
You kill the ball python!
You feel sick.
You are no longer poisoned.
The goblin barely misses you.
You hit the endoplasm but do no damage.
The endoplasm is heavily wounded.
The goblin closely misses you. The endoplasm barely misses you.
You hit the endoplasm.
You kill the endoplasm!
The goblin closely misses you.
Found a scale mail.
You see here a ball python corpse.
You hit the goblin.
The goblin is severely wounded.
The goblin hits you but does no damage.
You closely miss the goblin.
The goblin is severely wounded.
The goblin completely misses you.
Your magical contamination has completely faded away.
You closely miss the goblin.
The goblin is severely wounded.
The goblin misses you.
You miss the goblin.
The goblin is severely wounded.
The goblin completely misses you.
You hit the goblin.
You kill the goblin!
You barely miss the hobgoblin. The hobgoblin hits you.
* * * LOW HITPOINT WARNING * * *
You barely miss the hobgoblin.
The hobgoblin hits you but does no damage.
You hit the hobgoblin but do no damage. The hobgoblin hits you.
* * * LOW HITPOINT WARNING * * *
You closely miss the hobgoblin. The hobgoblin barely misses you.
You hit the hobgoblin.
The hobgoblin is moderately wounded.
The hobgoblin hits you.
You die...

:..# .#..# ....# #.#.#
#.#.# ### #g#.#########
.#... #............
......###.#.#.######
.......@g....#.########
.......##.##..#.......#
.......
##.#.##.#####...
......# #..##.# .#...#
#.....# ....# #..##.#
.##[ #<[##.# .
.........##..
#######.######


You could see a hobgoblin.

Vanquished Creatures
  An adder (D:2)
  2 ball pythons
  A bat (D:1)
  3 endoplasms
  2 goblins
  3 hobgoblins (D:1)
  2 quokkas (D:1)
  2 frilled lizards (D:1)
  A rat (D:1)
17 creatures vanquished.

Notes
Turn   | Place    | Note
-------+----------+-------------------------------------------
     0 | D:1      | sampeng1 the Human Wanderer began the quest for the Orb.
     0 | D:1      | sampeng1 set off with the following items: a +2 sling, a
                  | piece from Xom's chessboard (15/15), a scroll of
                  | teleportation, a +0 robe; and the following spell
                  | memorised: Freeze; and the following spells available to
                  | memorise: Hailstorm.
     0 | D:1      | Reached XP level 1. HP: 15/15 MP: 2/2
   225 | D:1      | Reached XP level 2. HP: 21/21 MP: 0/3
   476 | D:1      | Found a faded altar of an unknown god.
  1281 | D:2      | Reached XP level 3. HP: 4/26 MP: 1/5
  1296 | D:2      | Slain by a hobgoblin

Illustrated notes

Levels and vault maps discovered:
D:1:      elethiomel_arrival_infinity_welcomes_careful_drivers, layout_basic,
          nicolae_ecumenical_snake_handling
D:2:      layout_loops_ring

Action                     || total
---------------------------++-------
  Melee: Dagger            ||    56
         Punch             ||     1
   Fire: Sling             ||     6
  Throw: Stone             ||     6
   Cast: Freeze            ||    16
    Use: Scroll            ||     1
 Armour: Robe              ||    16
  Dodge: Dodged            ||    51
